 Dungeon Crawl Stone Soup version 0.22-a0-605-g9281fa2 (webtiles) character file.

8277 Amnesiac the Thaumaturge (level 11, -7/47 (48) HPs)
             Began as a Spriggan Transmuter on July 8, 2018.
             Was an Elder of Sif Muna.
             Mangled by Urug
             ... wielding a +0 long sword of distortion
              (22 damage)
             ... on level 10 of the Dungeon.
             The game lasted 00:22:23 (13978 turns).

Amnesiac the Thaumaturge (Spriggan Transmuter)     Turns: 13978, Time: 00:22:24

HP:   -7/47 (48)    AC:  7    Str:  6    XL:     11   Next: 7%
MP:   0/30          EV: 18    Int: 19    God:    Sif Muna [****..]
Gold: 499           SH:  0    Dex: 16    Spells: 23/39 levels left

rFire    + + .     SeeInvis +     - Unarmed
rCold    + . .     Gourm    .   (shield currently unavailable)
rNeg     . . .     Faith    .   E - +2 robe {rF+}
rPois    .         Spirit   +   (helmet restricted)
rElec    .         Reflect  .   l - +2 cloak
rCorr    .         Harm     .   (gloves unavailable)
MR       +....                  (boots unavailable)
Stlth    +.........             z - amulet of guardian spirit
HPRegen  0.15/turn              d - ring of protection from cold
MPRegen  0.22/turn              A - ring of protection from fire

@: blade hands, divine energy, very quick
A: very small, unfitting armour, see invisible, herbivore, speed 3, slow
metabolism 2
a: End Transformation, Stop Divine Energy, Channel Magic, Forget Spell, Renounce
Religion


You were on level 10 of the Dungeon.
You worshipped Sif Muna.
Sif Muna was greatly pleased with you.
You were not hungry.
You had blades for hands.
You visited 2 branches of the dungeon, and saw 11 of its levels.

You collected 499 gold pieces.

Inventory:

Hand Weapons
 b - a +3 hunting sling of flaming
 F - a +2 dagger of chaos
Missiles
 p - 180 stones
 q - 66 sling bullets
 v - 51 arrows (quivered)
Armour
 l - a +2 cloak (worn)
 r - a scarf of spirit shield
 E - a +2 robe of fire resistance (worn)
Magical Staves
 a - an uncursed staff of energy (melded)
Jewellery
 d - a ring of protection from cold (left scythe-like blade)
 z - an amulet of guardian spirit (around neck)
 A - a ring of protection from fire (right scythe-like blade)
 H - an uncursed ring of positive energy
Wands
 c - a wand of random effects (35)
 w - a wand of flame (51)
 x - a wand of disintegration (15)
 B - a wand of iceblast (13)
 I - a wand of polymorph (13)
Scrolls
 f - a scroll of enchant armour {!r}
 i - 9 scrolls of teleportation {!r}
 k - 3 scrolls of immolation {!r}
 s - 3 scrolls of blinking {!r}
 t - 4 scrolls of identify {!r}
 y - 5 scrolls of amnesia {!r}
 C - 3 scrolls of remove curse {!r}
 D - a scroll of fog {!r}
 G - a scroll of vulnerability {!r, unknown}
Potions
 e - a potion of invisibility {!q}
 g - 2 potions of haste {!q}
 h - a potion of agility {!q}
 j - a potion of berserk rage {!q}
 o - 5 potions of lignification {!q}
 u - a potion of mutation {!q}
 J - a potion of brilliance {!q}
 K - a potion of flight {!q, unknown}
Comestibles
 n - 6 rations


   Skills:
 - Level 0.7 Fighting
 - Level 3.0 Dodging
 - Level 2.4 Unarmed Combat
 + Level 14.9 Spellcasting
 + Level 14.2 Transmutations


You had 23 spell levels left.
You knew the following spells:

 Your Spells              Type           Power        Failure   Level  Hunger
a - Blade Hands           Tmut           ######....   11%         5    ###....
b - Sticks to Snakes      Tmut           ######..     4%          2    None
c - Passwall              Tmut/Erth      #####...     11%         2    None
d - Spider Form           Tmut/Pois      #####.....   13%         3    None
e - Petrify               Tmut/Erth      #####...     22%         4    None

Your spell library contained the following spells:

 Spells                   Type           Power        Failure   Level  Hunger
 Confuse                  Hex            ##......     54%         3    None
 Regeneration             Chrm/Necr      ##........   54%         3    None
 Tukima's Dance           Hex            ##......     54%         3    None
 Stone Arrow              Conj/Erth      ##....       54%         3    None
 Ice Form                 Ice/Tmut       #####...     22%         4    None
 Ensorcelled Hibernation  Hex/Ice        ##....       38%         2    None
 Corona                   Hex            ##.....      32%         1    None
 Lee's Rapid Deconstruct  Erth           ##........   97%         5    ###....
 Sandblast                Erth           ##....       32%         1    None
 Shroud of Golubria       Chrm/Tloc      ##........   38%         2    None
 Beastly Appendage        Tmut           ######       3%          1    None
 Dazzling Spray           Conj/Hex       ##....       54%         3    None
 Infusion                 Chrm           ##..         32%         1    None
 Song of Slaying          Chrm           ##......     38%         2    None
 Spectral Weapon          Hex/Chrm       ##......     54%         3    None


Dungeon Overview and Level Annotations

Branches:
Dungeon (10/15)            Temple (1/1) D:6            Lair (0/6) D:9
    Orc (0/2) D:10

Altars:
Ashenzari
Cheibriados
Dithmenos
Elyvilon
Fedhas
Gozag
Hepliaklqana
Kikubaaqudgha
Makhleb
Nemelex Xobeh
Okawaru
Qazlal
Ru
Sif Muna
Trog
Uskayaw
Vehumet
Wu Jian
Xom
Yredelemnul
Zin
The Shining One

Shops:
D:9 =*

Annotations:
D:10 Urug


Innate Abilities, Weirdness & Mutations

You are very small and have problems with some larger weapons.
You are too small for most types of armour.
You have supernaturally acute eyesight. (SInv)
You are a herbivore.
You cover ground extremely quickly.
You need to consume almost no food.


Message History

Urug the Orcish Ballista comes into view.
She is wielding a long sword of distortion.
Casting: Blade Hands (safe; 1% risk of failure)
Confirm with . or Enter, or press ? or * to list all spells.
You create 4 snakes!
You now have 56 arrows.
Urug shouts!
Urug throws a javelin.
The javelin hits you!
You see here a javelin.
Casting: Sticks to Snakes (safe; 1% risk of failure)
Confirm with . or Enter, or press ? or * to list all spells.
Your hands turn into razor-sharp scythe blades.
Urug throws a javelin.
The javelin misses you. The javelin hits your adder!!
Your adder dies!
Urug throws a javelin.
The javelin misses you.
Urug hits you with a long sword of distortion!
You blink.
Urug throws a javelin.
The javelin misses your adder.
The javelin barely misses your water moccasin.
The javelin barely misses you.
Urug throws a javelin.
The javelin misses your adder. The javelin hits your water moccasin!
Casting: Blade Hands (safe; 11% risk of failure)
Confirm with . or Enter, or press ? or * to list all spells.
You fail to extend your transformation any further.
Urug is poisoned.
Your water moccasin poisons Urug!
Urug hits your water moccasin with a long sword of distortion!
Your water moccasin dies!
Urug hits your adder with a long sword of distortion!!
Your adder dies!
You see here a javelin.
Press: ? - help, v - describe, . - travel
Here: Urug, wielding a long sword of distortion and wearing a scale mail (lightly wounded, poisoned)
The floor.
Casting: Blade Hands (safe; 11% risk of failure)
Confirm with . or Enter, or press ? or * to list all spells.
You fail to extend your transformation any further.
Casting: Blade Hands (safe; 11% risk of failure)
Confirm with . or Enter, or press ? or * to list all spells.
You create a snake!
You now have 55 arrows.
You see here a javelin.
Urug hits your water moccasin with a long sword of distortion!!
Space bends around your water moccasin.
Your water moccasin dies!
Urug shouts!
Casting: Sticks to Snakes (safe; 4% risk of failure)
Confirm with . or Enter, or press ? or * to list all spells.
You fail to extend your transformation any further.
Sif Muna grants you divine energy.
You briefly lose access to your magic!
You are unable to access your magic!
You regain access to your magic.
Urug grunts loudly.
Urug looks more healthy.
Casting: Blade Hands (safe; 11% risk of failure)
Confirm with . or Enter, or press ? or * to list all spells.
You create 3 snakes!
You now have 52 arrows.
Casting: Sticks to Snakes (safe; 4% risk of failure)
Confirm with . or Enter, or press ? or * to list all spells.
You create a snake!
You now have 51 arrows.
You hit Urug.
Urug is heavily wounded.
Urug hits you with a long sword of distortion!!
* * * LOW HITPOINT WARNING * * *
Space warps horribly around you!
You die...

#..[..#...################
#.###.#.............##...# #.#
#.#.............##...# #.#
#.'.............##..(# #.#
#.#.............##...# #.#
#.#.............##...##### #.#
#.#...>.........##(..(....
#.###.#............>##...(....
#.....####.##@.##...##(..##...
#.....<..'.##.o##'####...##...
#.#......#...SSSS...##...##..#
#..).....#....S.....######....
#........#..........# #...S.8.
#........#..........###.......
#[...:...#....................
#........########...#..8....>.
#...............#...##........


You could see Urug, 2 friendly water moccasins and 3 friendly adders.

Vanquished Creatures
  2 two-headed ogres
  A merfolk (D:10)
  Grinder (D:4)
  A hippogriff (D:8)
  2 wyverns
  2 basilisks (D:9)
  A hungry ghost (D:8)
  Menkaure (D:4)
  Duvessa (D:4)
  4 orc warriors
  An ice beast (D:9)
  A sky beast (D:5)
  3 black bears
  A necrophage (D:10)
  2 phantoms
  3 ogres
  6 centaurs
  2 big kobolds
  3 bullfrogs
  5 scorpions
  5 killer bees
  A howler monkey (D:5)
  2 crimson imps (D:10)
  3 bullfrog zombies
  6 orc priests
  A bullfrog skeleton (D:7)
  A centaur skeleton (D:10)
  5 hounds
  A jelly (D:7)
  6 orc wizards
  An iguana (D:3)
  Natasha (thrice) (D:2)
  8 worker ants
  A hound zombie (D:5)
  Robin (D:1)
  A howler monkey zombie (D:7)
  A worker ant zombie (D:9)
  13 adders
  A shadow imp (D:10)
  An adder zombie (D:5)
  2 adder skeletons
  2 worms
  3 dart slugs
  7 leopard geckos
  42 orcs
  7 giant cockroaches
  13 hobgoblins
  20 jackals
  17 kobolds
  3 quokkas
  A ball python (D:6)
  8 bats
  A frilled lizard (D:1)
  22 goblins
  A leopard gecko skeleton (D:4)
  5 rats
259 creatures vanquished.

Vanquished Creatures (collateral kills)
  Erolcha (D:9)
  A death yak (D:9)
  A centaur zombie (D:10)
  Psyche (D:8)
  A gargoyle (D:9)
  3 trolls
  A sky beast (D:9)
  An ogre (D:9)
  A crocodile (D:9)
  A wyvern zombie (D:6)
  Dowan (D:4)
  5 killer bees
  An orc priest (D:3)
  An orc wizard (D:10)
  A worker ant (D:9)
  A howler monkey zombie (D:9)
  3 adders
  2 orcs (D:10)
  A jackal (D:4)
28 creatures vanquished.

Vanquished Creatures (others)
  An orc wizard (D:10)
1 creature vanquished.

Grand Total: 288 creatures vanquished

Notes
Turn   | Place    | Note
-------+----------+-------------------------------------------
     0 | D:1      | Amnesiac the Spriggan Transmuter began the quest for the Orb.
     0 | D:1      | Reached XP level 1. HP: 9/9 MP: 5/5
     3 | D:1      | Noticed an electric eel
     3 | D:1      | Noticed an electric eel
   312 | D:1      | Reached XP level 2. HP: 9/14 MP: 5/7
   316 | D:1      | Learned a level 2 spell: Sticks to Snakes
  1233 | D:2      | Noticed Robin
  1340 | D:1      | Reached XP level 3. HP: 15/17 MP: 2/9
  1345 | D:1      | Learned a level 3 spell: Spider Form
  1687 | D:1      | Killed Robin
  1881 | D:2      | Noticed a bullfrog
  1889 | D:2      | Killed a bullfrog
  1889 | D:2      | Reached skill level 5 in Spellcasting
  1889 | D:2      | Reached XP level 4. HP: 10/21 MP: 4/12
  2146 | D:2      | Noticed Natasha
  2155 | D:2      | Killed Natasha
  2155 | D:2      | Reached XP level 5. HP: 10/25 MP: 12/14
  2240 | D:2      | Noticed Natasha
  2268 | D:2      | Killed Natasha
  2335 | D:2      | Noticed Natasha
  2342 | D:2      | Killed Natasha
  2342 | D:2      | Reached skill level 5 in Transmutations
  3554 | D:3      | Found a burning altar of Makhleb.
  3558 | D:3      | Found a glowing silver altar of Zin.
  3558 | D:3      | Noticed an angel
  3559 | D:3      | Noticed a balrug
  3573 | D:3      | Reached XP level 6. HP: 29/29 MP: 16/16
  3794 | D:3      | Found a hide-covered altar of Uskayaw.
  3840 | D:3      | Found a snail-covered altar of Cheibriados.
  4396 | D:4      | Noticed Grinder
  4423 | D:4      | Killed Grinder
  4423 | D:4      | Reached XP level 7. HP: 30/32 MP: 14/19
  4538 | D:4      | Noticed Menkaure
  4565 | D:4      | Killed Menkaure
  4839 | D:4      | Noticed Duvessa
  4895 | D:4      | Killed Duvessa
  4930 | D:4      | Noticed Dowan
  4942 | D:4      | Killed Dowan
  5371 | D:4      | Learned a level 5 spell: Blade Hands
  5674 | D:4      | Found a radiant altar of Vehumet.
  5797 | D:4      | Reached XP level 8. HP: 26/37 MP: 22/22
  6122 | D:5      | Entered Level 5 of the Dungeon
  6207 | D:5      | Found a sacrificial altar of Ru.
  6208 | D:5      | Found a blossoming altar of Fedhas.
  6685 | D:5      | Reached skill level 10 in Spellcasting
  7677 | D:6      | Found a staircase to the Ecumenical Temple.
  7688 | Temple   | Entered the Ecumenical Temple
  7787 | Temple   | Became a worshipper of Sif Muna the Loreminder
  8111 | D:6      | Reached XP level 9. HP: 29/40 MP: 21/25
  8229 | D:6      | Reached * piety under Sif Muna
  8491 | D:7      | Noticed a troll
  8503 | D:7      | Reached skill level 10 in Transmutations
  8713 | D:7      | Killed a troll
  8886 | D:7      | Learned a level 2 spell: Passwall
  8900 | D:7      | Learned a level 4 spell: Petrify
  9355 | D:7      | You fall through a shaft for 2 floors!
  9379 | D:9      | Noticed a troll
  9405 | D:9      | Noticed a troll
  9441 | D:9      | Killed a troll
  9455 | D:9      | Killed a troll
  9593 | D:9      | Reached ** piety under Sif Muna
  9705 | D:8      | Noticed Psyche
  9750 | D:8      | Killed Psyche
 10718 | D:8      | Reached XP level 10. HP: 36/44 MP: 23/28
 10827 | D:9      | Noticed a death yak
 10880 | D:9      | Noticed Erolcha
 10945 | D:9      | Found Poesit's Assorted Antiques.
 10965 | D:9      | Noticed a gargoyle
 11199 | D:9      | Killed a gargoyle
 11292 | D:9      | Found a sparkling altar of Nemelex Xobeh.
 11355 | D:9      | Reached *** piety under Sif Muna
 11489 | D:9      | Found a staircase to the Lair.
 12014 | D:9      | Killed Erolcha
 12187 | D:9      | Noticed a two-headed ogre
 12233 | D:9      | Killed a two-headed ogre
 12243 | D:9      | HP: 2/44 [sky beast (6)]
 12608 | D:9      | Found Ymomoaq's Jewellery Shoppe.
 12884 | D:9      | Killed a death yak
 12934 | D:10     | Entered Level 10 of the Dungeon
 13016 | D:10     | Reached **** piety under Sif Muna
 13050 | D:10     | Noticed a two-headed ogre
 13058 | D:10     | Killed a two-headed ogre
 13088 | D:10     | Found a staircase to the Orcish Mines.
 13296 | D:10     | Found a burning altar of Makhleb.
 13489 | D:10     | Reached XP level 11. HP: 42/47 MP: 21/30
 13929 | D:10     | Noticed Urug
 13978 | D:10     | Mangled by Urug

Vault maps used:
D:1:      arrival_aquarium_b
D:2:      uniq_robin, uniq_natasha
D:3:      grunt_temple_overflow_order_and_chaos_2,
          eat_drink_and_be_merry_uskayaw, cheibriados_altar_1
D:4:      wad_crossroads, vehumet_altar_wand_db, first_ration, uniq_duvessa,
          uniq_grinder, uniq_menkaure
D:5:      amethyst_overflow_temple_binary, minmay_misc_feat_square
D:6:      minmay_temple_entry_statues_fountains, kennysheep_generic_room_9
D:7:      wad_rectangle_vault
D:8:      uniq_psyche
D:9:      lemuel_round_altar, david_lair_generic, serial_shops,
          nicolae_shop_crystal, shop, uniq_erolcha
D:10:     david_orc_2, basic_altar, hangedman_fish_farm, feat_on_display,
          uniq_urug
Temple:   eino_temple_lava

Skill      XL: |  1  2  3  4  5  6  7  8  9 10 |
---------------+-------------------------------+-----
Spellcasting   | 3 5 6 8 9 11 13 14 | 14.9
Transmutations | 3 4 5 6 7 9 11 14 | 14.2
Fighting       | |  0.7
Dodging        | |  3.0
Unarmed Combat | |  2.4

Action                   |  1- 3 |  4- 6 |  7- 9 | 10-12 || total
-------------------------+-------+-------+-------+-------++-------
Melee: Unarmed           |   146 |   111 |    84 |   205 ||   546
       Kick              |     7 |       |       |       ||     7
       Headbutt          |     3 |       |       |       ||     3
       Punch             |     1 |       |       |     3 ||     4
       Staff             |       |       |       |     3 ||     3
 Fire: Hunting sling     |       |   118 |   508 |    47 ||   673
 Cast: Beastly Appendage |    10 |       |       |       ||    10
       Sticks to Snakes  |     3 |     8 |    36 |    33 ||    80
       Spider Form       |     4 |    14 |    12 |     1 ||    31
       Petrify           |       |       |     1 |       ||     1
       Blade Hands       |       |       |       |    25 ||    25
Invok: Divine Energy     |       |       |     1 |       ||     1
 Abil: End Transformatio |       |       |       |     1 ||     1
  Use: Potion            |       |     3 |       |       ||     3
       Scroll            |       |    11 |     6 |       ||    17
 Stab: Sleeping          |       |     2 |     1 |     1 ||     4
       Distracted        |       |       |       |     2 ||     2
  Eat: Ration            |       |     2 |     3 |     3 ||     8
Armor: Robe              |    14 |     9 |    39 |    35 ||    97
       Skin              |       |     2 |     3 |     2 ||     7
Dodge: Dodged            |   137 |   131 |   348 |   216 ||   832

Table legend:
 A = Spawn XP
 B = Non-spawn XP
 C = Spawn XP percentage of total XP
 D = Spawn monster count
 E = Non-spawn monster count
 F = Spawn count percentage of total count
 G = Total turns spent on level
                    A         B        C        D         E        F      G
               +---------+---------+-------+---------+---------+-------+---------
         Total |       0 |   11825 |   0.0 |       0 |     287 |   0.0 | 13978
               +---------+---------+-------+---------+---------+-------+---------
           D:1 |       0 |      77 |   0.0 |       0 |      31 |   0.0 |  1812
           D:2 |       0 |     276 |   0.0 |       0 |      38 |   0.0 |  1672
           D:3 |       0 |     183 |   0.0 |       0 |      35 |   0.0 |  1058
           D:4 |       0 |     967 |   0.0 |       0 |      24 |   0.0 |  1580
           D:5 |       0 |     666 |   0.0 |       0 |      23 |   0.0 |  1037
           D:6 |       0 |     874 |   0.0 |       0 |      27 |   0.0 |  1101
           D:7 |       0 |     961 |   0.0 |       0 |      21 |   0.0 |  1048
           D:8 |       0 |    1474 |   0.0 |       0 |      22 |   0.0 |  1440
           D:9 |       0 |    3967 |   0.0 |       0 |      32 |   0.0 |  2183
          D:10 |       0 |    2380 |   0.0 |       0 |      34 |   0.0 |   938
               +---------+---------+-------+---------+---------+-------+---------
